 Dungeon Sprint DCSS version 0.26-a0-682-g294304f6e8 (webtiles) character file.

Game seed: 566829370196028415

384 Conn the Thaumaturge (level 6, -2/37 (38) HPs)
             Began as an Octopode Hedge Wizard on Oct 20, 2020.
             Shot with a bolt by a yaktaur (21 damage)
             ... in the Dungeon (Sprint II: "The Violet Keep of Menkaure").
             The game lasted 00:06:56 (669 turns).

Conn the Thaumaturge (Octopode Hedge Wizard)         Turns: 669, Time: 00:07:03

HP:   -2/37 (38)    AC:  1    Str: 10    XL:     6   Next: 77%
MP:   16/28         EV: 14    Int: 18    God:
Gold: 22            SH:  0    Dex: 11    Spells: 15/26 levels left

rFire    . . .     SeeInvis .   c - +1 great mace "Beast's Demise" {vorpal, rC+ MR+++ Stlth-} (curse)
rCold    + . .     Faith    .   (shield currently unavailable)
rNeg     . . .     Spirit   .   b - +0 hat
rPois    .         Reflect  .   (no amulet)
rElec    .         Harm     .   e - ring of magical power
rCorr    .         Rampage  .   (no ring)
MR       +++..     NoTele   +   (no ring)
Stlth    +++.......             (no ring)
HPRegen  0.12/turn              (no ring)
MPRegen  0.21/turn              (no ring)
                                (no ring)
                                (no ring)

@: no status effects
A: almost no armour, stealthy swim, amphibious, 8 rings, constrict 8, camouflage
1, gelatinous body 1
a: no special abilities


You were in the Dungeon.
You visited 1 branch You collected 486 gold pieces.
You spent 464 gold pieces at shops.

Inventory:

Hand Weapons
 a - a +0 dagger
 c - the cursed +1 great mace "Beast's Demise" (weapon) {vorpal, rC+ MR+++ Stlth-}
   (You bought it in a shop in the Dungeon)

   It inflicts extra damage upon your enemies.
   It protects you from cold.
   It affects your resistance to hostile enchantments.
   It makes you less stealthy.
   It has a curse placed upon it.
Armour
 b - a +0 hat (worn)
Jewellery
 e - a ring of magical power (left tentacle)
Scrolls
 i - a scroll of blinking
Potions
 d - a potion of curing
 g - a potion of magic


   Skills:
 + Level 1.3 Fighting
 + Level 2.1 Short Blades
 + Level 4.4 Dodging
 + Level 5.0 Stealth
 * Level 10.7 Spellcasting
 * Level 4.6 Conjurations
 + Level 2.5 Summonings
 + Level 2.0 Translocations
 + Level 0.3 Fire Magic


You had 15 spell levels left.
You knew the following spells:

 Your Spells              Type           Power        Failure   Level
a - Magic Dart            Conj           ####         1%          1
b - Blink                 Tloc           N/A          4%          2
c - Call Imp              Summ           ###.....     4%          2
d - Conjure Flame         Conj/Fire      ###.....     9%          3
e - Mephitic Cloud        Conj/Pois/Air  ###.....     12%         3

Your spell library contained the following spells:

 Spells                   Type           Power        Failure   Level
 Slow                     Hex            #.......     11%         2


Dungeon Overview and Level Annotations

Branches:
Dungeon (1/1)

Altars:
Cheibriados
Dithmenos
Elyvilon
Fedhas
Gozag
Hepliaklqana
Kikubaaqudgha
Makhleb
Nemelex Xobeh
Okawaru
Qazlal
Ru
Sif Muna
Trog
Uskayaw
Vehumet
Wu Jian
Xom
Yredelemnul
Zin
The Shining One
Beogh
Jiyva
Lugonu

Shops:
D :?([}}:!=[=?=!:

Annotations:
D exclusion: oklob plant, Menkaure


Innate Abilities, Weirdness & Mutations

You cannot wear most types of armour.
You are very stealthy in the water. (Stealth+)
You are amphibious.
You can wear up to eight rings at the same time.
You can use your tentacles to constrict eight enemies at once.
Your skin changes colour to match your surroundings (Stealth+).
Your rubbery body absorbs attacks. (AC +1, EV +1)


Message History

The polar bear is moderately wounded.
Menkaure shouts!
A water moccasin comes into view.
The yaktaur is engulfed in noxious fumes.
The polar bear is engulfed in noxious fumes.
The polar bear appears confused.
The polar bear bites the polar bear!
The polar bear claws the polar bear.
The polar bear claws the polar bear but does no damage.
A water moccasin comes into view.
The polar bear growls angrily.
Okay, then.
You aren't carrying any items that you can evoke.
Casting: Mephitic Cloud (dangerous; 12% risk of failure)
Confirm with . or Enter, or press ? or * to list all spells.
A beastly little devil appears in a puff of flame.
The water moccasin hisses angrily. x2
The yaktaur is engulfed in blazing flames.
The yaktaur shoots a bolt.
The bolt hits you!!
Ouch! That really hurt!
You die... 5.# ...# .^.# .## #..## #..# .# =[!([ ## .##..# +^.# .# ?)$!?

##.B$#..# #..# .#▓[?$$?
.+# +..####..##.#▓(?$?!
##.B.#.§.§###..h##▓▓▓▓▓▓
# .##.§..§.≈h≈≈≈≈≈≈≈≈≈≈
$ ###≈≈§....≈#c########'
#l#≈≈≈≈≈≈≈..≈#_.@._...#≈
##≈§≈§≈≈≈≈.≈#._5_._._#§
##≈≈§≈§≈≈≈§≈§#_._._._.#S
≈≈≈≈§§§§≈≈≈≈§#._._._._#§
+++#≈≈§≈≈≈≈≈§#.._._._.#§
.. ##≈≈≈###§≈#..._._._#M
....##≈≈# #§§#...._._.#S
.○...+≈≈# #≈≈#....._..#§
..°.##≈≈≈≈


You could see 2 polar bears, a yaktaur, 2 water moccasins, Menkaure and a
friendly crimson imp (summoned).

Vanquished Creatures
  3 necrophages (D)
  4 worker ants (D)
7 creatures vanquished.

Vanquished Creatures (collateral kills)
  A water moccasin (D)
  A necrophage (D)
2 creatures vanquished.

Vanquished Creatures (others)
  A water moccasin (D)
1 creature vanquished.

Grand Total: 10 creatures vanquished

Notes
Turn   | Place    | Note
-------+----------+-------------------------------------------
     0 | D        | Conn the Octopode Hedge Wizard began the quest for the Orb.
     0 | D        | Reached XP level 1. HP: 11/11 MP: 4/4
     1 | D        | Noticed a worker ant
     1 | D        | Noticed a worker ant
     1 | D        | Noticed a worker ant
     2 | D        | Noticed a worker ant
     6 | D        | Killed a worker ant
     6 | D        | Reached skill level 5 in Spellcasting
     6 | D        | Reached XP level 2. HP: 17/17 MP: 5/8
    12 | D        | Reached skill level 6 in Spellcasting
    12 | D        | Reached XP level 3. HP: 21/21 MP: 5/10
    13 | D        | Reached XP level 4. HP: 27/27 MP: 5/12
    17 | D        | Reached skill level 7 in Spellcasting
    19 | D        | Killed a water moccasin
    42 | D        | Learned a level 2 spell: Blink
    45 | D        | Learned a level 2 spell: Call Imp
    49 | D        | Learned a level 3 spell: Conjure Flame
    53 | D        | Learned a level 3 spell: Mephitic Cloud
   247 | D        | Noticed a wyvern
   247 | D        | Noticed a wyvern
   250 | D        | Noticed a boulder beetle
   250 | D        | Noticed a boulder beetle
   253 | D        | Noticed a necrophage
   253 | D        | Noticed a necrophage
   253 | D        | Noticed a necrophage
   253 | D        | Noticed a necrophage
   275 | D        | Killed a necrophage
   275 | D        | Reached skill level 8 in Spellcasting
   275 | D        | Reached XP level 5. HP: 14/29 MP: 5/16
   285 | D        | Killed a necrophage
   285 | D        | Reached skill level 1 in Fighting
   285 | D        | Reached skill level 1 in Short Blades
   285 | D        | Reached skill level 9 in Spellcasting
   285 | D        | Reached XP level 6. HP: 8/34 MP: 7/18
   288 | D        | HP: 1/34 [necrophage (7)]
   305 | D        | Killed a necrophage
   305 | D        | Reached skill level 10 in Spellcasting
   319 | D        | Killed a necrophage
   319 | D        | Reached skill level 5 in Stealth
   410 | D        | Found Parchu's Distillery.
   411 | D        | Found Ugoth's Jewellery Shoppe.
   411 | D        | Found Vuloixir's Distillery.
   411 | D        | Found Ymyzeol's Antique Armour Shoppe.
   411 | D        | Found Koduukk's Book Shoppe.
   411 | D        | Found Meleden's Jewellery Shoppe.
   411 | D        | Found Epopaob's Antique Weapon Emporium.
   411 | D        | Found Ure Zare's Jewellery Shoppe.
   411 | D        | Found Qaexofy's Gadget Emporium.
   411 | D        | Found Ceciph's Book Shoppe.
   411 | D        | Found Azenun's Antique Armour Emporium.
   412 | D        | Found Icaown's Magic Scroll Shoppe.
   413 | D        | Found Hosixt's Magic Scroll Shoppe.
   413 | D        | Found Oneus's Gadget Emporium.
   413 | D        | Noticed a cane toad
   414 | D        | Noticed a water moccasin
   414 | D        | Noticed a cane toad
   414 | D        | Noticed an oklob plant
   417 | D        | Found Zoitocru's Book Shoppe.
   425 | D        | Noticed a wyvern
   425 | D        | Noticed a wyvern
   426 | D        | Noticed a wyvern
   428 | D        | Noticed a shining eye
   431 | D        | Killed a water moccasin
   452 | D        | Bought a steaming great mace for 184 gold pieces
   452 | D        | Identified the cursed +1 great mace "Beast's Demise"
                  | {vorpal, rC+ MR+++ Stlth-} (You bought it in a shop in the
                  | Dungeon)
   460 | D        | Bought an uncursed ring of magical power for 280 gold
                  | pieces
   642 | D        | Noticed an obsidian statue
   651 | D        | Found an iron altar of Okawaru.
   651 | D        | Found an opulent altar of Gozag.
   652 | D        | Found a sparkling altar of Nemelex Xobeh.
   652 | D        | Found a blossoming altar of Fedhas.
   653 | D        | Found a radiant altar of Vehumet.
   653 | D        | Found a burning altar of Makhleb.
   653 | D        | Found a white marble altar of Elyvilon.
   654 | D        | Found a hide-covered altar of Uskayaw.
   654 | D        | Found a corrupted altar of Lugonu.
   654 | D        | Found a shadowy altar of Dithmenos.
   655 | D        | Found a glowing silver altar of Zin.
   655 | D        | Found a bloodstained altar of Trog.
   655 | D        | Found an ancient bone altar of Kikubaaqudgha.
   655 | D        | Found a snail-covered altar of Cheibriados.
   656 | D        | Found a basalt altar of Yredelemnul.
   656 | D        | Found a shimmering blue altar of Sif Muna.
   656 | D        | Found a viscous altar of Jiyva.
   657 | D        | Found a shimmering altar of Xom.
   657 | D        | Found a sacrificial altar of Ru.
   659 | D        | Found a glowing golden altar of the Shining One.
   659 | D        | Found an ornate altar of the Wu Jian Council.
   659 | D        | Found a stormy altar of Qazlal.
   659 | D        | Found a hazy altar of Hepliaklqana.
   659 | D        | Noticed a hornet
   659 | D        | Noticed a polar bear
   660 | D        | Noticed a polar bear
   662 | D        | Found a roughly hewn altar of Beogh.
   662 | D        | Noticed a yaktaur
   663 | D        | Noticed a polar bear
   667 | D        | Noticed Menkaure
   668 | D        | Noticed a water moccasin
   668 | D        | Noticed a water moccasin
   669 | D        | Shot with a bolt by a yaktaur

Illustrated notes

Levels and vault maps discovered:
D:        the_violet_keep_of_menkaure [sprint2_stairs_cluster_1,
          sprint2_shoproom, sprint2_temple, sprint2_basic_supplies,
          sprint2_obstacle_3, sprint2_obstacle_1, sprint2_obstacle_4,
          sprint2_obstacle_6, sprint2_obstacle_5, sprint2_timed_cluster_1,
          sprint2_smallroom_cluster_1, sprint2_smallroom_final_cluster_1,
          sprint2_transparent_cluster_1, sprint2_second_timed_cluster_1,
          sprint2_sniper_area_1, sprint2_heavy_combat_area_1,
          sprint2_mutation_trap_area_1, sprint2_forest_area_1,
          sprint2_light_combat_area_1, sprint2_behind_water_1,
          sprint2_near_end_vault_1]

Skill      XL: |  1  2  3  4  5  6 |
---------------+-------------------+-----
Stealth        | 3 4 5 |  5.0
Spellcasting   | 5 6 8 9 10 | 10.7
Dodging        | 3 4 |  4.4
Conjurations   | 2 3 4 |  4.6
Fighting       | 1 |  1.3
Short Blades   | 1 2 |  2.1
Summonings     | 2 |  2.5
Translocations | 2 |  2.0
Fire Magic     | |  0.3

Action                   |  1- 3 |  4- 6 || total
-------------------------+-------+-------++-------
Melee: Dagger            |     9 |    21 ||    30
       Constrict         |     3 |     3 ||     6
       Tentacles         |     1 |     3 ||     4
       Great mace        |       |     2 ||     2
 Cast: Call Imp          |       |    14 ||    14
       Blink             |       |     5 ||     5
       Magic Dart        |       |     7 ||     7
       Mephitic Cloud    |       |     3 ||     3
       Conjure Flame     |       |     2 ||     2
  Use: Potion            |     2 |     2 ||     4
Armor: Skin              |       |     2 ||     2
Dodge: Dodged            |     5 |     4 ||     9

Table legend: (Time is in decaauts)
 A = Elapsed time spent in this place.
 B = Non-inter-level travel time spent in this place.
 C = Inter-level travel time spent in this place.
 D = Time resting spent in this place.
 E = Time spent auto-exploring this place.
 F = Levels seen in this place.
 G = Mean time per level.
                   A        B        C        D        E       F      G
               +--------+--------+--------+--------+--------+-----+--------+
         Total |    663 |    663 |      0 |    449 |      0 |   1 |  663.0 |
       Dungeon |    663 |    663 |      0 |    449 |      0 |   1 |  663.0 |
               +--------+--------+--------+--------+--------+-----+--------+

Top non-repeatable levels by time:
       D: 663 daAuts
